 Dungeon Crawl Stone Soup version 0.29-a0-721-g7f417c9bbb (webtiles) character file.

Game seed: 6014075316792457707

90 MrPompon the Ducker (level 4, -5/33 HPs)
             Began as a Djinni Gladiator on June 27, 2022.
             Killed by divine providence
             ... invoked by an orc priest
              (13 damage)
             ... on level 3 of the Dungeon.
             The game lasted 00:18:47 (2781 turns).

MrPompon the Ducker (Djinni Gladiator)              Turns: 2781, Time: 00:18:47

Health: -5/33      AC: 11    Str: 13    XL:     4   Next: 85%
Gold:   181        EV: 10    Int: 11    God:
                   SH:  0    Dex: 15

rFire   + + .      SeeInvis .   n - +2 whip (elec)
rCold   x . .      Faith    .   (no shield)
rNeg    . . .      Spirit   .   z - +0 scale mail
rPois   ∞          Reflect  .   c - +0 helmet
rElec   .          Harm     .   (no cloak)
rCorr   .          Rampage  .   (no gloves)
Will    .....                   (boots unavailable)
Stlth   ..........              (no amulet)
HPRegen 0.11/turn               s - ring of poison resistance
MPRegen 0.00/turn               y - +4 ring of protection

@: flying
A: sickness immunity, fire resistance 2, cold vulnerability 1, float, innate
caster, HP casting, extra vitality 1
a: no special abilities


You were on level 3 of the Dungeon.
You visited 1 branch of the dungeon, and saw 3 of its levels.

You collected 181 gold pieces.

Inventory:

Hand Weapons
 a - a +0 long sword
 h - a +0 short sword
 m - a +0 short sword
 n - a +2 whip of electrocution (weapon)
Missiles
 d - 2 throwing nets (quivered)
 e - 4 javelins
 g - 3 poisoned darts
Armour
 b - a +0 leather armour
 c - a +0 helmet (worn)
 z - a +0 scale mail (worn)
Jewellery
 s - a ring of poison resistance (left hand)
 y - a +4 ring of protection (right hand)
Scrolls
 f - a scroll of enchant armour {unknown}
 j - a scroll of enchant weapon
 k - a scroll of summoning {unknown}
 l - 5 scrolls of identify
 r - 3 scrolls of teleportation {unknown}
 t - a scroll of vulnerability {unknown}
 u - 2 scrolls of brand weapon
 v - 2 scrolls of fog
 w - a scroll of amnesia {unknown}
Potions
 o - 2 potions of attraction {unknown}
 p - a potion of brilliance {unknown}
 q - 3 potions of lignification {unknown}
 x - a potion of might {unknown}


   Skills:
 + Level 2.1 Fighting
 + Level 3.2 Long Blades
 * Level 1.3 Maces & Flails
 + Level 1.6 Throwing
 + Level 1.4 Armour
 + Level 4.0 Dodging
 + Level 0.2 Spellcasting


You had 2 spell levels left.
You knew the following spells:

 Your Spells              Type           Power      Damage    Failure   Level
a - Summon Small Mammal   Summ           0%         N/A       82%         1
Your spell library was empty.

Dungeon Overview and Level Annotations

Branches:
Dungeon (3/15)

Altars:


Innate Abilities, Weirdness & Mutations

You are immune to sickness and miasma.
You are immune to poison.
Your flesh is very heat resistant. (rF++)
You are vulnerable to cold. (rC-)
You float through the air rather than walking.
You learn spells naturally, not from books.
Your magical power is your life essence.
You have superior vitality. (+4 MHP)


Message History

You hit the orc.
The orc is moderately wounded.
The bat barely misses you. The orc hits you but does no damage.
You closely miss the orc.
The orc is moderately wounded.
The bat hits you. The orc hits you with a +0 mace.
You hit the orc.
The orc is almost dead.
The bat barely misses you.
You barely miss the orc priest. The bat hits you but does no damage.
The orc hits you but does no damage.
You whack the bat! Lightning courses through the bat!!
You kill the bat!
The orc barely misses you. The orc priest barely misses you.
The orc attacks as you move away! The orc hits you but does no damage.
The orc priest hits you but does no damage.
You see here a bat corpse.
You closely miss the orc priest. The orc hits you but does no damage.
The orc priest hits you with a +0 mace.
You hit the orc priest but do no damage.
The orc barely misses you.
The orc priest calls down the wrath of Beogh upon you.
Beogh smites you!
* * * LOW HITPOINT WARNING * * *
It was a potion of invisibility.
You fade into invisibility!
The orc closely misses you.
The orc priest hits you but does no damage.
The orc priest calls down the wrath of Beogh upon the orc.
The orc writhes in agony!
The orc dies!
You flicker for a moment.
Found an escape hatch in the floor.
The orc priest invokes the aid of Beogh against something.
The orc writhes in agony.
The orc dies!
You flicker back into view.
The orc priest invokes the aid of Beogh against you.
Beogh smites you!
You die...

##....#....#..........#
########o...##.#.#...........
#....o..o.#.##.#'#.#......#.#
#.#######.#o##.....#...#### # #.#
#.#)##.....#...# . #)#
#.#.##.....#...####.# .. #o#
#.#.##.#+#.....[....# ...
#o#######.#.##.# #.#.########
#...#.o.........@..#.............
#.............#....#.............
..............#....#.#.#.###.....
..............#....#.#...........
..............+......#...###≈..≈#
....###########>...###..#. #≈ #.
.... #....# #≈ #. .... #....#
#≈≈#. .... #≈≈≈≈#


You could see an orc priest.

Vanquished Creatures
  An adder (D:2)
  3 worms
  4 dart slugs
  An orc (D:3)
  7 endoplasms
  6 giant cockroaches
  4 goblins
  4 hobgoblins
  2 jackals (D:1)
  A quokka (D:2)
  6 ball pythons
  3 bats
  4 frilled lizards
  6 kobolds
  6 rats
58 creatures vanquished.

Vanquished Creatures (collateral kills)
  A frilled lizard (D:2)
1 creature vanquished.

Vanquished Creatures (others)
  2 orcs (D:3)
2 creatures vanquished.

Grand Total: 61 creatures vanquished

Notes
Turn   | Place    | Note
-------+----------+-------------------------------------------
     0 | D:1      | MrPompon the Djinni Gladiator began the quest for the Orb.
     0 | D:1      | Reached XP level 1. HP: 18/18 MP: 0/0
   103 | D:1      | Reached XP level 2. HP: 17/23 MP: 0/0
   546 | D:1      | Reached XP level 3. HP: 24/28 MP: 0/0
   546 | D:1      | Learned a level 1 spell: Summon Small Mammal
  1722 | D:2      | Reached skill level 1 in Armour
  1722 | D:2      | Reached XP level 4. HP: 23/33 MP: 0/0
  2346 | D:3      | Reached skill level 1 in Maces & Flails
  2486 | D:3      | Reached skill level 4 in Dodging
  2781 | D:3      | Killed from afar by an orc priest

Illustrated notes

Levels and vault maps discovered:
D:1:      lemuel_arrival_rhombus, layout_basic, bh_walls_and_bars
D:2:      layout_basic, minmay_pentomino_x4
D:3:      layout_basic, nicolae_overflow_hidden_temple, fountainhead

Skill      XL: |  1  2  3  4 |
---------------+-------------+-----
Long Blades    | 3 |  3.2
Armour         | 1 |  1.4
Maces & Flails | 1 |  1.3
Dodging        | 4 |  4.0
Fighting       | |  2.1
Throwing       | |  1.6
Spellcasting   | |  0.2

Action                   |  1- 3 |  4- 6 || total
-------------------------+-------+-------++-------
Melee: Long sword        |    33 |       ||    33
       Whip              |    68 |    84 ||   152
Throw: Throwing net      |     1 |       ||     1
 Cast: Summon Small Mamm |     5 |     1 ||     6
  Use: Scroll            |       |     3 ||     3
       Potion            |       |     1 ||     1
Armor: Leather armour    |    34 |     5 ||    39
       Scale mail        |       |    26 ||    26
Dodge: Dodged            |    64 |    51 ||   115

Table legend: (Time is in decaauts)
 A = Elapsed time spent in this place.
 B = Non-inter-level travel time spent in this place.
 C = Inter-level travel time spent in this place.
 D = Time resting spent in this place.
 E = Time spent auto-exploring this place.
 F = Levels seen in this place.
 G = Mean time per level.
                   A        B        C        D        E       F      G
               +--------+--------+--------+--------+--------+-----+--------+
         Total |   2797 |   2787 |     10 |      0 |    973 |   3 |  932.3 |
       Dungeon |   2797 |   2787 |     10 |      0 |    973 |   3 |  932.3 |
               +--------+--------+--------+--------+--------+-----+--------+

Top non-repeatable levels by time:
     D:1: 1453 daAuts
     D:2: 886 daAuts
     D:3: 458 daAuts
